 Dungeon Crawl Stone Soup version 0.29-a0-82-g837932c90e (webtiles) character file.

Game seed: 13462554252899485139

74 HallandMoats the Chopper (level 4, -1/40 HPs)
             Began as a Minotaur Monk on Feb 4, 2022.
             Slain by Sigmund (3 damage)
             ... on level 2 of the Dungeon.
             The game lasted 00:01:57 (1653 turns).

HallandMoats the Chopper (Minotaur Monk)            Turns: 1653, Time: 00:01:57

Health: -1/40      AC:  6    Str: 16    XL:     4   Next: 9%
Magic:  3/3        EV: 12    Int:  7    God:
Gold:   32         SH:  0    Dex: 14    Spells: 3/3 levels left

rFire   . . .      SeeInvis .   a - +0 hand axe
rCold   . . .      Faith    .   (no shield)
rNeg    . . .      Spirit   .   h - +0 ring mail
rPois   .          Reflect  .   (helmet restricted)
rElec   .          Harm     .   (no cloak)
rCorr   .          Rampage  .   g - +0 pair of gloves
Will    .....                   (no boots)
Stlth   ..........              (no amulet)
HPRegen 0.13/turn               (no ring)
MPRegen 0.08/turn               (no ring)

@: confused
A: horns 2, retaliatory headbutt
a: no special abilities


You were on level 2 of the Dungeon.
You visited 1 branch of the dungeon, and saw 2 of its levels.

You collected 32 gold pieces.

Inventory:

Hand Weapons
 a - a +0 hand axe (weapon)
Armour
 g - a +0 pair of gloves (worn)
 h - a +0 ring mail (worn)
Scrolls
 b - a scroll of teleportation {unknown}
 e - 3 scrolls of identify {unknown}
 f - a scroll of enchant weapon {unknown}
 j - a scroll of blinking {unknown}
 k - a scroll of enchant armour {unknown}
Potions
 c - a potion of ambrosia {unknown}
 d - a potion of curing {unknown}
 i - 3 potions of degeneration {unknown}
 l - a potion of flight {unknown}
 m - a potion of attraction {unknown}


   Skills:
 + Level 4.3 Fighting
 + Level 4.3 Axes
 + Level 2.0 Armour
 + Level 4.0 Dodging
 - Level 1.5 Stealth


You had 3 spell levels left.
You didn't know any spells.
Your spell library was empty.

Dungeon Overview and Level Annotations

Branches:
Dungeon (2/15)

Altars:

Annotations:
D:2 1 runed translucent door, Crazy Yiuf, Sigmund


Innate Abilities, Weirdness & Mutations

You have a pair of horns on your head.
You reflexively headbutt those who attack you in melee.


Message History

You're too confused to attack without stumbling around!
You're too confused to attack without stumbling around!
Sigmund points at you and mumbles some strange words.
The puff of flame hits you.
Sigmund giggles. "Time to reap what you sow."
Sigmund casts a spell at you.
You are more confused.
You bump into the rock wall.
Sigmund gestures at you while chanting.
You are more confused.
You slash Sigmund!
Sigmund is severely wounded.
Sigmund points at you and mumbles some strange words.
The magic dart hits you.
You bump into the rock wall.
Sigmund hits you but does no damage.
You bump into the rock wall.
Sigmund points at you and mumbles some strange words.
The magic dart hits you. Sigmund hits you with a +0 scythe.
You hit Sigmund.
Sigmund is severely wounded.
Sigmund barely misses you.
You bump into the rock wall.
You hit Sigmund.
Sigmund is almost dead.
Sigmund misses you.
You're too confused to move!
Sigmund barely misses you.
You miss Sigmund.
Sigmund is almost dead.
You're too confused to move!
Sigmund hits you with a +0 scythe!
* * * LOW HITPOINT WARNING * * *
You bump into the rock wall.
Sigmund zaps a wand.
The puff of flame hits you!
* * * LOW HITPOINT WARNING * * *
You closely miss Sigmund. Your headbutt misses Sigmund.
Sigmund is almost dead.
Sigmund gestures at you while chanting. You resist with some effort.
You bump into the rock wall.
Sigmund barely misses you.
Sigmund hits you from afar with a +0 scythe.
You die...

.....#.......####.......#'##'#...
<....+............##.............
.....#............##.............
.....#............##.............
.....#............######.>...#...
.....# .........##########.####
................. #.#
....#.#'######### #.# #####.#@##
#.# #.#..# ##@# ..# ##.# ... #.#
#.# #.#


You could see Sigmund.

Vanquished Creatures
  Robin (D:2)
  A dart slug (D:1)
  5 ball pythons
  9 bats
  5 endoplasms
  A giant cockroach (D:2)
  15 goblins
  8 hobgoblins
  3 jackals (D:1)
  A frilled lizard (D:1)
  4 rats
53 creatures vanquished.

Notes
Turn   | Place    | Note
-------+----------+-------------------------------------------
     0 | D:1      | HallandMoats the Minotaur Monk began the quest for the Orb.
     0 | D:1      | Reached XP level 1. HP: 19/19 MP: 0/0
    91 | D:1      | Reached XP level 2. HP: 24/27 MP: 1/1
    95 | D:1      | Reached skill level 1 in Armour
   809 | D:1      | Reached XP level 3. HP: 33/33 MP: 2/2
  1106 | D:2      | Noticed Robin
  1139 | D:2      | Killed Robin
  1263 | D:2      | Reached XP level 4. HP: 40/40 MP: 3/3
  1435 | D:2      | Found a runed translucent door.
  1436 | D:2      | Noticed Crazy Yiuf
  1630 | D:2      | Noticed Sigmund
  1650 | D:2      | HP: 2/40 [Sigmund/puff of flame (9)]
  1653 | D:2      | Slain by Sigmund

Illustrated notes

Levels and vault maps discovered:
D:1:      heliophobic_arrival_henge, layout_basic, minmay_three_crescents
D:2:      layout_basic, uniq_robin, uniq_sigmund, uniq_crazy_yiuf_cottage

Skill      XL: |  1  2  3  4 |
---------------+-------------+-----
Armour         | 1 2 |  2.0
Axes           | 4 |  4.3
Fighting       | 4 |  4.3
Dodging        | 4 |  4.0
Stealth        | |  1.5

Action                   |  1- 3 |  4- 6 || total
-------------------------+-------+-------++-------
Melee: Hand axe          |    90 |    14 ||   104
       Headbutt          |    13 |     2 ||    15
 Stab: Sleeping          |     1 |       ||     1
Armor: Robe              |     7 |       ||     7
       Ring mail         |    14 |     2 ||    16
Dodge: Dodged            |    62 |    14 ||    76

Table legend: (Time is in decaauts)
 A = Elapsed time spent in this place.
 B = Non-inter-level travel time spent in this place.
 C = Inter-level travel time spent in this place.
 D = Time resting spent in this place.
 E = Time spent auto-exploring this place.
 F = Levels seen in this place.
 G = Mean time per level.
                   A        B        C        D        E       F      G
               +--------+--------+--------+--------+--------+-----+--------+
         Total |   1663 |   1643 |     20 |      0 |   1325 |   2 |  831.5 |
       Dungeon |   1663 |   1643 |     20 |      0 |   1325 |   2 |  831.5 |
               +--------+--------+--------+--------+--------+-----+--------+

Top non-repeatable levels by time:
     D:1: 999 daAuts
     D:2: 663 daAuts
